 Dungeon Crawl Stone Soup version 0.28.0-53-g5a82cb258f (webtiles) character file.

Game seed: 11547459739810813442

2162 boopmooplesden the Cleaver (level 9, -8/78 HPs)
             Began as a Minotaur Berserker on June 13, 2022.
             Was a Priest of Trog.
             Mangled by an orc warrior
             ... wielding a +0 great sword
              (14 damage)
             ... on level 6 of the Dungeon.
             The game lasted 00:06:25 (6905 turns).

boopmooplesden the Cleaver (Minotaur Berserker)     Turns: 6905, Time: 00:06:27

Health: -8/78      AC:  8    Str: 22    XL:     9   Next: 10%
Magic:  8/8        EV: 12    Int:  6    God:    Trog [***...]
Gold:   186        SH:  0    Dex: 12    Spells: 8/8 levels left

rFire   . . .      SeeInvis +   t - +0 lajatang
rCold   . . .      Faith    .   (shield currently unavailable)
rNeg    . . .      Spirit   .   h - +2 ring mail
rPois   .          Reflect  .   (helmet restricted)
rElec   .          Harm     .   (no cloak)
rCorr   .          Rampage  .   (no gloves)
Will    .....                   (no boots)
Stlth   +.........              (no amulet)
HPRegen 0.23/turn               f - ring of see invisible
MPRegen 0.11/turn               (no ring)

@: on berserk cooldown, hasted and slowed
A: horns 2, retaliatory headbutt
a: Renounce Religion, Berserk, Trog's Hand


You were on level 6 of the Dungeon.
You worshipped Trog.
Trog was most pleased with you.
You visited 1 branch of the dungeon, and saw 6 of its levels.

You collected 186 gold pieces.

Inventory:

Hand Weapons
 a - a +1 hand axe
 g - a +4 spear of freezing
 j - a +2 whip of electrocution
 t - a +0 lajatang (weapon)
Missiles
 e - 3 boomerangs (quivered)
Armour
 b - a +0 animal skin
 h - a +2 ring mail (worn)
 m - a +0 tower shield
Jewellery
 f - a ring of see invisible (left hand)
 k - a ring of protection from cold
Wands
 d - a wand of iceblast (6)
 n - a wand of acid (4)
 p - a wand of digging (15)
Scrolls
 r - a scroll of identify
 v - a scroll of teleportation
Potions
 c - 3 potions of lignification
 i - a potion of invisibility
 l - a potion of magic {unknown}
 q - a potion of mutation
 s - a potion of heal wounds {unknown}
 u - a potion of ambrosia {unknown}


   Skills:
 + Level 6.7 Fighting
 + Level 8.5 Axes
 + Level 2.8 Staves
 + Level 7.1 Armour
 + Level 4.8 Dodging
 + Level 1.4 Stealth
 + Level 5.4 Shields


You had 8 spell levels left.
You didn't know any spells.
Your spell library was empty.

Dungeon Overview and Level Annotations

Branches:
Dungeon (6/15)
 Temple: D:4-7

Altars:
Ru

Shops:
D:2 :

Annotations:
D:6 Eustachio


Innate Abilities, Weirdness & Mutations

You have a pair of horns on your head.
You reflexively headbutt those who attack you in melee.


Message History

You are no longer poisoned.
The hound barely misses you. You furiously retaliate!
You headbutt the hound. The scorpion stings you.
The scorpion stings you but does no damage.
The hound barely misses you. You furiously retaliate!
You headbutt the hound, but do no damage.
The scorpion closely misses you. You furiously retaliate!
You headbutt the scorpion.
You kill the scorpion!
Trog accepts your kill. The hound bites you.
The crimson imp blinks!
The hound bites you but does no damage.
Eustachio mumbles some strange words.
Eustachio gestures wildly while chanting.
The hound completely misses you.
The shadow imp disappears in a puff of smoke!
Eustachio gestures wildly while chanting.
The crimson imp blinks!
The hound bites you.
You feel yourself speed up.
Eustachio seems less brilliant.
The hound bites you. x2
You slash the hound!
You kill the hound!
Trog accepts your kill. The orc warrior barely misses you.
You completely miss the orc warrior.
You headbutt the orc warrior, but do no damage.
The orc warrior closely misses you. You furiously retaliate!
You headbutt the orc warrior, but do no damage.
You closely miss the orc warrior. You headbutt the orc warrior.
The orc warrior is lightly wounded.
The orc warrior hits you with a +0 great sword!
* * * LOW HITPOINT WARNING * * *
You closely miss the orc warrior.
You headbutt the orc warrior, but do no damage.
The orc warrior is lightly wounded.
An orc warrior comes into view. It is wielding a +0 falchion.
The orc warrior hits you with a +0 great sword!
* * * LOW HITPOINT WARNING * * *
The orc warrior hits you with a +0 great sword!
You die...

#(........).........#
...#..............#.#
.#.#..........#...#.#
........########....#
##.##...# #...###
##......# ##.##
....#...# #.#
...##...# #.# ..## .#
#@# ... # #o# ....
#b# ....s #@# ......
#r5# ....... #rr#
..###... .... .o...
.###..#


You could see Eustachio, 2 orc warriors, a river rat (summoned), an ufetubus
(summoned), a quokka (summoned), a bat (summoned) and a rat (summoned).

Vanquished Creatures
  Pikel (D:5)
  2 ogres (D:5)
  A black bear (D:5)
  2 necrophages (D:5)
  Blork the orc (D:6)
  2 scorpions (D:6)
  A water moccasin skeleton (D:5)
  9 wights
  A howler monkey (D:4)
  A bullfrog zombie (D:5)
  A jelly (D:5)
  2 centaur skeletons
  5 hounds
  3 iguanas
  Ijyb (D:3)
  2 orc wizards (D:6)
  A hound zombie (D:5)
  Robin (D:4)
  11 adders
  A shadow imp (D:5)
  A white imp (D:5)
  An adder skeleton (D:4)
  2 worms
  A dart slug (D:3)
  7 orcs
  3 ball pythons
  6 endoplasms
  3 giant cockroaches
  6 hobgoblins
  6 jackals
  2 quokkas (D:2)
  5 bats
  2 frilled lizards
  10 goblins
  A kobold (D:2)
  A rat (D:3)
106 creatures vanquished.

Notes
Turn   | Place    | Note
-------+----------+-------------------------------------------
     0 | D:1      | boopmooplesden the Minotaur Berserker began the quest for
                  | the Orb.
     0 | D:1      | Reached XP level 1. HP: 19/19 MP: 0/0
   241 | D:1      | Found a faded altar of an unknown god.
   750 | D:2      | Reached skill level 4 in Axes
   750 | D:2      | Reached XP level 2. HP: 25/27 MP: 1/1
  1074 | D:2      | Reached XP level 3. HP: 24/33 MP: 2/2
  1213 | D:2      | Identified the +1 ring mail of Indomitability {Slay+2}
  1340 | D:2      | Found Lairghy's Book Boutique.
  1364 | D:2      | Reached ** piety under Trog
  1723 | D:3      | HP: 2/49 [iguana (6)]
  1726 | D:3      | Reached XP level 4. HP: 3/41 MP: 3/3
  2047 | D:3      | Found a sacrificial altar of Ru.
  2049 | D:3      | Reached skill level 5 in Axes
  2211 | D:3      | Noticed Ijyb
  2225 | D:3      | Killed Ijyb
  2420 | D:4      | Reached XP level 5. HP: 43/47 MP: 4/4
  2688 | D:4      | Reached skill level 1 in Stealth
  2772 | D:4      | Reached skill level 5 in Fighting
  2772 | D:4      | Reached XP level 6. HP: 56/56 MP: 5/5
  2774 | D:4      | Reached skill level 1 in Shields
  2781 | D:4      | Reached skill level 6 in Axes
  4039 | D:4      | Noticed Robin
  4050 | D:4      | Killed Robin
  4492 | D:5      | Entered Level 5 of the Dungeon
  4648 | D:5      | Reached XP level 7. HP: 34/61 MP: 6/6
  4834 | D:5      | Noticed Pikel
  4855 | D:5      | Killed Pikel
  4856 | D:5      | Reached skill level 7 in Axes
  4856 | D:5      | Reached skill level 5 in Armour
  4856 | D:5      | Reached XP level 8. HP: 70/70 MP: 7/7
  5569 | D:5      | Reached skill level 8 in Axes
  5753 | D:5      | Reached skill level 5 in Shields
  6440 | D:6      | Reached skill level 1 in Staves
  6486 | D:6      | Reached *** piety under Trog
  6493 | D:6      | Reached XP level 9. HP: 25/78 MP: 8/8
  6876 | D:6      | Noticed Blork the orc
  6876 | D:6      | Noticed Eustachio
  6884 | D:6      | Killed Blork the orc
  6905 | D:6      | Mangled by an orc warrior

Illustrated notes

Levels and vault maps discovered:
D:1:      roderic_dead_forest, layout_loops_ring,
          shapermc_ecumenical_altar_rom_forum
D:2:      layout_loops_cross, serial_shops, nicolae_shop_trees,
          minmay_tetromino_t4
D:3:      layout_rooms, mainiacjoe_overflow_six_doors_small, uniq_ijyb
D:4:      layout_basic, uniq_robin
D:5:      layout_basic, minmay_bent, uniq_pikel
D:6:      layout_rooms, mainiacjoe_overflow_alcove_2, sword_in_stone,
          uniq_maggie, uniq_edmund

Skill      XL: |  1  2  3  4  5  6  7  8  9 |
---------------+----------------------------+-----
Axes           | 4 5 6 7 8 |  8.5
Fighting       | 4 5 6 |  6.7
Dodging        | 3 4 |  4.8
Armour         | 3 5 7 |  7.1
Stealth        | 1 |  1.4
Shields        | 2 3 5 |  5.4
Staves         | 1 2 |  2.8

Action                   |  1- 3 |  4- 6 |  7- 9 || total
-------------------------+-------+-------+-------++-------
Melee: Hand axe          |    67 |   100 |    92 ||   259
       Headbutt          |     9 |    18 |    34 ||    61
       Punch             |     1 |       |       ||     1
       Lajatang          |       |       |    48 ||    48
Invok: Berserk           |     2 |     3 |     5 ||    10
  Use: Scroll            |     6 |     6 |       ||    12
       Potion            |       |     2 |     1 ||     3
Armor: Animal skin       |    20 |       |       ||    20
       Ring mail         |       |    47 |    69 ||   116
Dodge: Dodged            |    52 |    36 |    81 ||   169
Block: Tower shield      |       |    60 |    61 ||   121
